 Dungeon Crawl Stone Soup version 0.32-a0-42-ga30500b (webtiles) character file.

Game seed: 7161107718348759536

12870 Dorkslayer the Cleaver (level 12, -17/80 HPs)
             Began as an Octopode Fighter on Jan 28, 2024.
             Was an Elder of Dithmenos.
             Demolished by a troll (22 damage)
             ... on level 2 of the Orcish Mines.
             The game lasted 00:40:32 (11181 turns).

Dorkslayer the Cleaver (Octopode Fighter)          Turns: 11181, Time: 00:40:33

Health: -17/80     AC: 12    Str: 20    XL:     12   Next: 0%
Magic:  21/21      EV: 15    Int: 10    God:    Dithmenos [****..]
Gold:   571        SH:  6    Dex: 12    Spells: 11/11 levels left

rFire   + + +        o - +3 broad axe (protect)
rCold   x . .        b - +1 buckler
rNeg    + . .        (helmet restricted)
rPois   +            D - amulet of the acrobat
rElec   .            f - ring of magical power
rCorr   +            g - ring of wizardry
SInv    +            j - ring of willpower
Will    ++...        e - ring of Nimyohauf {rPois rF+++ rC- AC+4 SInv}
Stlth   ++++++++     h - ring of willpower
HPRegen 0.33/turn    v - ring of positive energy
MPRegen 0.17/turn    q - ring of flight
                     F - ring of resist corrosion

%: acrobat, wizardry (x1)
@: under a protective aura, flying, hasted, wreathed by umbra, very quick
A: almost no armour, amphibious, 8 rings, camouflage 1, gelatinous body 1,
(nimble swimmer 1), tentacles
a: Renounce Religion, Shadow Step


You were on level 2 of the Orcish Mines.
You worshipped Dithmenos.
Dithmenos was greatly pleased with you.
You visited 3 branches of the dungeon, and saw 14 of its levels.
You also visited: Sewer and Ossuary.

You collected 1083 gold pieces.
You spent 512 gold pieces at shops.

Inventory:

Hand Weapons
 a - a +0 war axe
 c - a +0 orcbow
 o - a +3 broad axe of protection (weapon)
Missiles
 p - a datura-tipped dart (quivered)
 s - a throwing net
Armour
 b - a +1 buckler (worn)
Jewellery
 e - the ring of Nimyohauf (on tentacle) {rPois rF+++ rC- AC+4 SInv}
   (You acquired it on level 3 of the Dungeon)

   [ring of protection]

   AC+4:      It affects your AC (+4).
   rF+++:     It renders you almost immune to fire.
   rC-:       It makes you vulnerable to cold.
   rPois:     It protects you from poison SInv: It lets you see invisible.
 f - a ring of magical power (left tentacle)
 g - a ring of wizardry (right tentacle)
 h - a ring of willpower (on tentacle)
 j - a ring of willpower (on tentacle)
 q - a ring of flight (on tentacle)
 v - a ring of positive energy (on tentacle)
 D - an amulet of the acrobat (around mantle)
 F - a ring of resist corrosion (on tentacle)
Talismans
 I - a maw talisman
Wands
 w - a wand of flame (16)
 x - a wand of roots (10)
 y - a wand of mindburst (13)
Scrolls
 i - a scroll of enchant armour
 l - a scroll of immolation
 r - a scroll of teleportation
 u - 2 scrolls of amnesia
Potions
 k - 9 potions of curing
 m - a potion of ambrosia
 n - 8 potions of enlightenment
 t - 3 potions of berserk rage
 z - a potion of magic
 B - 2 potions of cancellation
 C - 4 potions of brilliance
 E - a potion of attraction
 G - a potion of mutation


   Skills:
 + Level 6.7 Fighting
 + Level 10.5 Axes
 + Level 1.1 Throwing
 + Level 6.7 Dodging
 + Level 10.4 Stealth
 + Level 4.9 Shields
 * Level 8.2 Unarmed Combat
 * Level 6.3 Evocations
 * Level 2.0 Shapeshifting


You had 11 spell levels left.
You didn't know any spells.
Your spell library contained the following spells:

 Spells                   Type           Power      Damage    Failure   Level
 Freeze                   Ice            0%         1d3       19%         1
 Mercury Vapours          Alch/Air       0%         N/A       26%         2
 Frozen Ramparts          Ice            0%         1d1       45%         3
 Hailstorm                Conj/Ice       0%         3d5       45%         3
 Mephitic Cloud           Conj/Alch/Air  0%         N/A       45%         3
 Stone Arrow              Conj/Erth      0%         3d7       45%         3
 Tukima's Dance           Hex            0%         N/A       45%         3
 Volatile Blastmotes      Fire/Tloc      0%         2d10      45%         3
 Cause Fear               Hex            0%         N/A       86%         4
 Fulminant Prism          Conj/Alch      0%         3d5       86%         4
 Iskenderun's Mystic Bla  Conj/Tloc      0%         2d3       86%         4
 Leda's Liquefaction      Alch/Erth      0%         N/A       86%         4
 Passage of Golubria      Tloc           0%         N/A       86%         4
 Petrify                  Alch/Erth      0%         N/A       86%         4
 Fireball                 Conj/Fire      0%         3d3       99%         5
 Freezing Cloud           Conj/Ice/Air   0%         6-21      99%         5
 Metabolic Englaciation   Hex/Ice        0%         N/A       99%         5
 Yara's Violent Unravell  Hex/Alch       0%         3d3       99%         5
 Lehudib's Crystal Spear  Conj/Erth      0%         10d2      100%        8
 Dragon's Call            Summ           0%         N/A       100%        9
 Animate Armour           Summ/Erth      Unusable   N/A       N/A         4

Dungeon Overview and Level Annotations

Branches:
Dungeon (11/15)            Temple (1/1) D:6            Lair (0/5) D:10
    Orc (2/2) D:11          Sewer (visited)         Ossuary (visited)
    Elf: Orc:2

Altars:
Ashenzari
Cheibriados
Dithmenos
Elyvilon
Fedhas
Gozag
Hepliaklqana
Kikubaaqudgha
Makhleb
Nemelex Xobeh
Okawaru
Qazlal
Ru
Sif Muna
Trog
Uskayaw
Vehumet
Wu Jian
Xom
Yredelemnul
Zin
The Shining One

Shops:
D:3 !:(   D:8 *   D:10 *   Orc:1 ?   Orc:2 (


Innate Abilities, Weirdness & Mutations

You cannot wear most types of armour.
You are amphibious.
You can wear up to eight rings at the same time.
Your skin changes colour to match your surroundings (Stealth+).
Your rubbery body absorbs attacks. (AC +1, EV +1)
((You are camouflaged when in or above water. (Stealth+)))
You have tentacles for arms and can constrict up to eight enemies at once.


Message History

The troll barely misses you.
You slash the troll!
Your weapon exudes an aura of protection.
You squeeze the troll!
The troll is heavily wounded.
The troll bites you! The troll claws you but does no damage.
You block the troll's attack.
You closely miss the troll.
The troll is heavily wounded.
The troll misses you. x2; You block the troll's attack.
The troll bites you! The troll barely misses you. The troll closely misses you.
You barely miss the troll.
The troll is moderately wounded.
Your shadow hits the troll with a broad axe.
The troll barely misses you. The troll claws you but does no damage.
The troll barely misses you. The troll bites you!
* * * LOW HITPOINT WARNING * * *
You block the troll's attack. The troll closely misses you.
Okay, then.
You feel yourself speed up. The troll bites you but does no damage.
The troll completely misses you. You block the troll's attack.
The troll attacks as it pursues you! The troll completely misses you. x3
You see here a +0 orcbow.
You feel much better. The troll misses you. The troll claws you!!
The troll claws you!
* * * LOW HITPOINT WARNING * * *
c - a +0 orcbow The troll barely misses you.
The troll closely misses you. The troll claws you!
* * * LOW HITPOINT WARNING * * *
You slash the troll!
Your weapon exudes an aura of protection.
You tentacle-slap the troll.
The troll is severely wounded.
You block the troll's attack. The troll claws you but does no damage.
The troll claws you.
* * * LOW HITPOINT WARNING * * *
You slash the troll!
The troll is almost dead.
The troll bites you!!
You die...

##....^...............
#..................#..
#.....................
##............$.......
##.##............$.#..$
##...#....(......^.$#...
##.#.#†................
#......................
##........T@..........
##..................
##........<.............
##........................
#.........................
##.....#......#.......#.....
#.......................#..
##.....................#...
###........................


You could see a neutral troll (fast, strong, frenzied).

Vanquished Creatures
  An orc high priest (Orc:2)
  A deep elf pyromancer (D:8)
  An orc sorcerer (Orc:1)
  A cyclops (D:11)
  2 kobold blastminers (Orc:2)
  Joseph (D:10)
  A cane toad (shapeshifter) (D:8)
  A gargoyle (D:10)
  4 trolls
  A hornet (D:8)
  A shadow (D:6)
  7 yaks
  2 vampires
  A steam dragon (D:8)
  A warg (Orc:2)
  4 vampire mosquitoes (D:11)
  4 acid dragons
  2 water moccasins
  An ice beast (D:8)
  A sky beast (D:8)
  A black bear (D:5)
  11 orc warriors
  2 ogres
  7 centaurs
  4 kobold brigands
  3 bullfrogs (D:8)
  6 wights
  3 scorpions
  A burial acolyte (Ossuary)
  3 electric eels (D:7)
  5 howler monkeys
  6 orc priests
  3 bombardier beetles
  2 hounds
  A gnoll bouda (D:6)
  A sleepcap (D:5)
  2 iguanas
  7 orc wizards
  A mummy (Ossuary)
  14 adders
  5 gnolls
  3 river rats
  A white imp (D:6)
  2 ufetubi (D:7)
  4 dart slugs
  3 ribbon worms
  53 orcs
  3 endoplasms
  A giant cockroach (D:3)
  7 goblins
  6 hobgoblins
  2 jackals (Sewer)
  16 kobolds
  2 quokkas
  5 ball pythons
  2 bats (D:2)
  5 frilled lizards
  6 gnoll skeletons (Ossuary)
  8 kobold skeletons (Ossuary)
  6 orc skeletons (Ossuary)
  11 rats
272 creatures vanquished.

Vanquished Creatures (collateral kills)
  An orc knight (Orc:2)
  A kobold blastminer (Orc:2)
  A troll (Orc:2)
  A warg (Orc:2)
  An orc warrior (Orc:2)
  2 ogres
  3 gnolls (D:5)
  5 kobolds
15 creatures vanquished.

Vanquished Creatures (others)
  An orc (D:8)
  A kobold (D:10)
2 creatures vanquished.

Grand Total: 289 creatures vanquished

Notes
Turn   | Place    | Note
-------+----------+-------------------------------------------
     0 | D:1      | Dorkslayer the Octopode Fighter began the quest for the
                  | Orb.
     0 | D:1      | Reached XP level 1. HP: 16/16 MP: 1/1
   242 | D:1      | Reached XP level 2. HP: 18/21 MP: 2/2
   553 | D:1      | Reached skill level 1 in Unarmed Combat
  1026 | D:2      | Reached XP level 3. HP: 21/26 MP: 3/3
  1049 | D:2      | Found an ornate altar of the Wu Jian Council.
  1673 | D:3      | Identified a scroll of acquirement
  1673 | D:3      | Acquired the ring of Nimyohauf {rPois rF+++ rC- AC+4 SInv}
  1684 | D:3      | Found a stormy altar of Qazlal.
  1709 | D:3      | Found Fut Rel's Distillery.
  1720 | D:3      | Bought a potion of curing for 33 gold pieces
  1720 | D:3      | Bought a potion of degeneration for 11 gold pieces
  1720 | D:3      | Bought a potion of might for 44 gold pieces
  1738 | D:3      | Found a white marble altar of Elyvilon.
  1744 | D:3      | Reached skill level 1 in Stealth
  1744 | D:3      | Reached XP level 4. HP: 30/31 MP: 4/4
  1868 | D:3      | Found a glowing drain.
  1873 | Sewer    | Entered a sewer
  2010 | Sewer    | Noticed a kobold brigand
  2020 | Sewer    | Killed a kobold brigand
  2021 | Sewer    | Reached XP level 5. HP: 29/36 MP: 5/5
  2053 | Sewer    | Found a white marble altar of Elyvilon.
  2188 | D:3      | Found Jeagead's Weapon Emporium.
  2229 | D:3      | Reached XP level 6. HP: 33/42 MP: 6/6
  2229 | D:3      | Found Cageim's Book Shop.
  2724 | D:4      | Found a shadowy altar of Dithmenos.
  2727 | D:4      | Became a worshipper of Dithmenos the Shadowed
  3183 | D:4      | Found the +7 Throatcutter {drain, coup de grace}
  3364 | D:5      | Entered Level 5 of the Dungeon
  3366 | D:5      | Noticed an orc warrior
  3389 | D:5      | Killed an orc warrior
  3390 | D:5      | Reached XP level 7. HP: 22/47 MP: 7/7
  3810 | D:5      | Reached skill level 5 in Axes
  4133 | D:5      | Reached XP level 8. HP: 48/54 MP: 8/8
  4315 | D:6      | Found a staircase to the Ecumenical Temple.
  4358 | D:6      | Found a sand-covered staircase.
  4367 | Ossuary  | Entered an ossuary
  4377 | Ossuary  | Reached * piety under Dithmenos
  4512 | Ossuary  | Reached skill level 5 in Stealth
  4651 | D:6      | Identified the +8 scale mail of the Disbelieving Gods {+Inv
                  | Stlth+}
  4786 | D:6      | Found a glowing golden altar of the Shining One.
  4846 | D:6      | Noticed a shadow
  4856 | D:6      | Killed a shadow
  5014 | Temple   | Entered the Ecumenical Temple
  5127 | D:7      | Found a shimmering blue altar of Sif Muna.
  5134 | D:7      | Found a transporter.
  5166 | D:7      | Found a transporter.
  5219 | D:7      | Reached skill level 1 in Evocations
  5228 | D:7      | Reached skill level 5 in Fighting
  5228 | D:7      | Reached XP level 9. HP: 36/61 MP: 9/9
  5358 | D:7      | Found a broken altar of Ashenzari.
  5516 | D:7      | Reached skill level 5 in Unarmed Combat
  5580 | D:7      | Reached ** piety under Dithmenos
  6067 | D:8      | Noticed a deep elf pyromancer
  6073 | D:8      | Killed a deep elf pyromancer
  6164 | D:8      | Reached XP level 10. HP: 65/66 MP: 10/10
  6180 | D:8      | Noticed a cane toad
  6191 | D:8      | Killed a cane toad
  6192 | D:8      | Reached skill level 5 in Dodging
  6396 | D:8      | Found Wep Siog's Assorted Antiques.
  6399 | D:8      | Bought a potion of curing for 63 gold pieces
  6399 | D:8      | Bought a potion of curing for 63 gold pieces
  6399 | D:8      | Bought a moonstone ring for 105 gold pieces
  6583 | D:3      | Bought a potion of mutation for 88 gold pieces
  6726 | D:8      | Reached *** piety under Dithmenos
  7435 | D:9      | Found a hide-covered altar of Uskayaw.
  8047 | D:10     | Entered Level 10 of the Dungeon
  8047 | D:10     | Noticed Joseph
  8232 | D:10     | Killed Joseph
  8233 | D:10     | Reached skill level 5 in Evocations
  8233 | D:10     | Reached XP level 11. HP: 38/72 MP: 11/11
  8685 | D:10     | Reached **** piety under Dithmenos
  8766 | D:10     | Found Vaediobluo's Assorted Antiques.
  8820 | D:10     | Found a staircase to the Lair.
  9518 | D:11     | Reached skill level 10 in Axes
  9628 | D:11     | Noticed a cyclops
  9639 | D:11     | Killed a cyclops
  9875 | D:11     | Found a staircase to the Orcish Mines.
 10194 | D:11     | Found a sparkling altar of Nemelex Xobeh.
 10438 | Orc:1    | Entered Level 1 of the Orcish Mines
 10463 | Orc:1    | Reached skill level 10 in Stealth
 10539 | Orc:1    | Noticed an orc sorcerer
 10553 | Orc:1    | Killed an orc sorcerer
 10557 | Orc:1    | Found Jiwaru Axiy's Magic Scroll Boutique.
 10571 | Orc:1    | Bought a scroll of enchant weapon for 105 gold pieces
 10744 | Orc:2    | Entered Level 2 of the Orcish Mines
 10848 | Orc:2    | Found Cinkuadd's Antique Weapon Shoppe.
 10848 | Orc:2    | Noticed an orc knight
 10861 | Orc:2    | Killed an orc knight
 10862 | Orc:2    | Reached skill level 1 in Shapeshifting
 10880 | Orc:2    | Reached skill level 1 in Throwing
 10993 | Orc:2    | Noticed an orc high priest
 11000 | Orc:2    | Noticed a sixfirhy
 11003 | Orc:2    | Killed an orc high priest
 11161 | Orc:2    | Reached XP level 12. HP: 52/80 MP: 12/12
 11181 | Orc:2    | Demolished by a troll

Illustrated notes

Levels and vault maps discovered:
D:1:      heliophobic_arrival_battle_scene, layout_basic
D:2:      layout_loops_corners, basic_altar
D:3:      layout_loops_ring, mainiacjoe_overflow_tiny_flanked,
          amcnicky_altar_gilded, serial_shops, shop_statue,
          nicolae_diamond_shop, shop_statue, lightli_sewer_entry_pipes
D:4:      layout_loops_ring, kennysheep_mini, dilly_guarded_unrand_throatcut
D:5:      black_bear_nest_2, layout_basic
D:6:      layout_cave_pools, tso_metal_star, minmay_temple_entry_hall,
          enter_ossuary_2, minivault_24
D:7:      gammafunk_steamed_eel, layout_loops_corners, evilmike_ruin_ashenzari,
          mainiacjoe_overflow_catwalk, st_stairs_10
D:8:      minmay_evil_eye, layout_loops_ring, special_room [special_room_orc],
          serial_shops, kennysheep_mini_moat, kennysheep_generic_room_8
D:9:      layout_stronghold, mainiacjoe_overflow_alcove_4,
          nicolae_nh_ransacked_shop
D:10:     layout_roguey, lair_entry_dummy, serial_shops,
          nicolae_shop_tiny_real_fake_doors, uniq_joseph
D:11:     layout_stronghold, orc_0_dummy, nemelex_altar_shiori
Temple:   bh_familiar_temple
Orc:1:    layout_diamond_mine, serial_shops, shop
Orc:2:    grunt_orc_gardens, layout_caves, grunt_orc_garden, grunt_orc_garden,
          grunt_orc_garden, grunt_orc_garden

Skill      XL: |  1  2  3  4  5  6  7  8  9 10 11 |
---------------+----------------------------------+-----
Unarmed Combat | 1 2 3 4 5 7 8 |  8.2
Stealth        | 1 2 3 4 6 8 9 10 | 10.4
Axes           | 3 4 5 6 8 9 10 | 10.5
Dodging        | 4 5 6 |  6.7
Fighting       | 4 5 6 |  6.7
Evocations     | 1 3 5 6 |  6.3
Shields        | 4 |  4.9
Shapeshifting  | 2 |  2.0
Throwing       | 1 |  1.1

Action                     |  1- 3 |  4- 6 |  7- 9 | 10-12 || total
---------------------------+-------+-------+-------+-------++-------
  Melee: War axe           |    62 |    86 |       |       ||   148
         Tentacles         |    16 |    19 |    44 |    54 ||   133
         Constrict         |    13 |    27 |    49 |    35 ||   124
         Punch             |       |     3 |    13 |     9 ||    25
         Broad axe         |       |       |   183 |   230 ||   413
  Throw: Dart              |       |     4 |     2 |    11 ||    17
  Evoke: Wand              |       |       |     2 |    18 ||    20
    Use: Scroll            |     6 |     1 |    11 |     7 ||    25
         Potion            |       |     4 |     1 |    16 ||    21
   Stab: Sleeping          |     7 |     8 |    19 |    26 ||    60
         Distracted        |       |     1 |       |     1 ||     2
 Armour: Skin              |    26 |    44 |    80 |   137 ||   287
  Dodge: Dodged            |    31 |    57 |   119 |   209 ||   416
  Block: Buckler           |     9 |    20 |    42 |    86 ||   157

Table legend: (Time is in decaauts)
 A = Elapsed time spent in this place.
 B = Non-inter-level travel time spent in this place.
 C = Inter-level travel time spent in this place.
 D = Time resting spent in this place.
 E = Time spent auto-exploring this place.
 F = Levels seen in this place.
 G = Mean time per level.
                   A        B        C        D        E       F      G
               +--------+--------+--------+--------+--------+-----+--------+
         Total |  11276 |  10873 |    403 |    640 |   5830 |  16 |  704.8 |
       Dungeon |  10075 |   9672 |    403 |    430 |   5611 |  11 |  915.9 |
        Temple |      1 |      1 |      0 |      0 |      0 |   1 |    1.0 |
  Orcish Mines |    730 |    730 |      0 |    174 |    150 |   2 |  365.0 |
         Sewer |    228 |    228 |      0 |      0 |     69 |   1 |  228.0 |
       Ossuary |    241 |    241 |      0 |     36 |      0 |   1 |  241.0 |
               +--------+--------+--------+--------+--------+-----+--------+

Top non-repeatable levels by time:
    D:11: 1330 daAuts
     D:9: 1041 daAuts
     D:7: 1035 daAuts
     D:8: 992 daAuts
     D:5: 959 daAuts
    D:10: 899 daAuts
     D:1: 875 daAuts
     D:3: 828 daAuts
     D:2: 816 daAuts
     D:4: 741 daAuts
     D:6: 554 daAuts
   Orc:2: 376 daAuts
   Orc:1: 353 daAuts
 Ossuary: 241 daAuts
   Sewer: 228 daAuts
